 Dungeon Crawl Stone Soup version 0.31-a0-1236-gaa9e43cceb (webtiles) character file.

Game seed: 14942644676380270540

89 MacCMillion the Chopper (level 4, -1/39 HPs)
             Began as a Minotaur Fighter on Dec 15, 2023.
             Was an Initiate of Okawaru.
             Killed by nerve-wracking pain
             ... invoked by Grinder
              (6 damage)
             ... while paralysed by Grinder
             ... on level 4 of the Dungeon.
             The game lasted 00:02:07 (2364 turns).

MacCMillion the Chopper (Minotaur Fighter)          Turns: 2364, Time: 00:02:08

Health: -1/39      AC:  6    Str: 22    XL:     4   Next: 31%
Magic:  3/3        EV:  2    Int:  5    God:    Okawaru [......]
Gold:   195        SH:  0    Dex: 10    Spells: 3/3 levels left

rFire   . . .        a - +0 war axe
rCold   . . .        c - +0 buckler
rNeg    . . .        b - +0 scale mail
rPois   .            (helmet restricted)
rElec   .            (no cloak)
rCorr   .            (no gloves)
SInv    .            (no boots)
Will    .....        (no amulet) Stlth
                     (no ring)
HPRegen 0.26/turn    (no ring)
MPRegen 0.08/turn

%: no passive effects
@: paralysed
A: horns 2, retaliatory headbutt
a: Renounce Religion


You were on level 4 of the Dungeon.
You worshipped Okawaru.
Okawaru was noncommittal.
You visited 1 branch of the dungeon, and saw 4 of its levels.

You collected 195 gold pieces.

Inventory:

Hand Weapons
 a - a +0 war axe (weapon)
Missiles
 k - 5 poisoned darts
Armour
 b - a +0 scale mail (worn)
 c - a +0 buckler (worn)
Jewellery
 h - a +6 ring of intelligence
 p - a +6 ring of dexterity
Wands
 q - a wand of roots (10)
Scrolls
 e - 2 scrolls of teleportation {unknown}
 f - a scroll of blinking {unknown}
 g - 3 scrolls of amnesia {unknown}
 i - a scroll of identify {unknown}
 n - a scroll of enchant weapon {unknown}
Potions
 d - a potion of might
 j - 2 potions of attraction {unknown}
 l - 2 potions of curing {unknown}
 m - a potion of lignification {unknown}
 o - a potion of invisibility {unknown}
 r - a potion of haste {unknown}
 s - a potion of resistance {unknown}


   Skills:
 - Level 3.6 Fighting
 + Level 5.4 Axes
 - Level 3.6 Armour
 - Level 4.0 Shields


You had 3 spell levels left.
You didn't know any spells.
Your spell library contained the following spells:

 Spells                   Type           Power      Damage    Failure   Level
 Dazzling Flash           Conj/Hex       0%         N/A       99%         3
 Agony                    Necr           0%         N/A       100%        5
 Silence                  Hex/Air        0%         N/A       100%        5


Dungeon Overview and Level Annotations

Branches:
Dungeon (4/15)
 Temple: D:4-7

Altars:
Okawaru

Annotations:
D:3 Sigmund
D:4 Grinder


Innate Abilities, Weirdness & Mutations

You have a pair of horns on your head.
You reflexively headbutt those who attack you in melee.


Message History

You closely miss the ball python. You headbutt the ball python.
The ball python is moderately wounded.
The ball python bites you. The ball python barely misses you. x2
The ball python grabs you. The ball python constricts you.
You closely miss the ball python. Your headbutt misses the ball python.
The ball python is moderately wounded.
You block the ball python's attack. The ball python constricts you.
Grinder hits you but does no damage.
You slash the ball python!
You kill the ball python!
Okawaru accepts your kill.
You hit Grinder. Grinder barely misses you.
You closely miss Grinder. You headbutt Grinder, but do no damage.
Grinder is lightly wounded.
Grinder closely misses you.
You hit Grinder. You headbutt Grinder.
Grinder is moderately wounded.
Grinder gestures at you. You resist with significant effort. Grinder hits you.
You closely miss Grinder.
Grinder is moderately wounded.
Grinder says, "Just stop there for a second..."
You block Grinder's attack.
You slash Grinder!
Grinder is heavily wounded.
Grinder hits you!
You writhe in agony.
You are too injured to fight recklessly!
You slash Grinder! Your headbutt misses Grinder.
Grinder is almost dead.
Grinder gestures at you.
You suddenly lose the ability to move!
Grinder hits you.
* * * LOW HITPOINT WARNING * * *
Grinder hits you but does no damage. Grinder hits you.
* * * LOW HITPOINT WARNING * * *
Grinder gestures at you. Pain shoots through your body!
You die...
Grinder says, "Hey, I wasn't done torturing you yet!"

#<.....# .#.##
#...######.....
#...# #.....###
#...####.#......
#>..##.......>##
#...............
#.............#
######.#...##.##
#.#@5......
#.#†.......
#.#.####..#
#.#.# .# #.#.. .
#.... ###


You could see Grinder.

Vanquished Creatures
  Ijyb (D:3)
  A gnoll (D:1)
  An adder (D:3)
  A worm (D:3)
  7 ball pythons
  3 bats
  3 endoplasms
  5 goblins
  8 hobgoblins
  4 jackals (D:1)
  2 kobolds (D:1)
  A quokka (D:2)
  A frilled lizard (D:3)
  A rat (D:2)
39 creatures vanquished.

Notes
Turn   | Place    | Note
-------+----------+-------------------------------------------
     0 | D:1      | MacCMillion the Minotaur Fighter began the quest for the
                  | Orb.
     0 | D:1      | Reached XP level 1. HP: 19/19 MP: 0/0
   311 | D:1      | Reached skill level 3 in Axes
   311 | D:1      | Reached XP level 2. HP: 26/26 MP: 1/1
   696 | D:1      | Reached skill level 4 in Axes
   696 | D:1      | Reached XP level 3. HP: 28/31 MP: 2/2
  1261 | D:2      | Found an iron altar of Okawaru.
  1274 | D:2      | Became a worshipper of Warmaster Okawaru
  1792 | D:3      | Noticed Sigmund
  2019 | D:3      | Noticed Ijyb
  2023 | D:3      | Killed Ijyb
  2024 | D:3      | Reached skill level 5 in Axes
  2024 | D:3      | Reached XP level 4. HP: 33/39 MP: 3/3
  2347 | D:4      | Noticed Grinder
  2360 | D:4      | Paralysed by Grinder for 5 turns
  2364 | D:4      | Killed from afar by Grinder

Illustrated notes

Levels and vault maps discovered:
D:1:      nicolae_arrival_washed_ashore, layout_basic
D:2:      layout_basic, basic_altar
D:3:      layout_rooms, gammafunk_ghost_gnarly_gnolls, uniq_natasha, uniq_ijyb,
          uniq_sigmund
D:4:      layout_loops_ring, uniq_grinder

Skill      XL: |  1  2  3 |
---------------+----------+-----
Shields        | 4 |  4.0
Axes           | 3 4 5 |  5.4
Fighting       | |  3.6
Armour         | |  3.6

Action                     |  1- 3 |  4- 6 || total
---------------------------+-------+-------++-------
  Melee: War axe           |    67 |    12 ||    79
         Headbutt          |    11 |     3 ||    14
 Armour: Scale mail        |    40 |    15 ||    55
  Dodge: Dodged            |    28 |     5 ||    33
  Block: Buckler           |    12 |     3 ||    15

Table legend: (Time is in decaauts)
 A = Elapsed time spent in this place.
 B = Non-inter-level travel time spent in this place.
 C = Inter-level travel time spent in this place.
 D = Time resting spent in this place.
 E = Time spent auto-exploring this place.
 F = Levels seen in this place.
 G = Mean time per level.
                   A        B        C        D        E       F      G
               +--------+--------+--------+--------+--------+-----+--------+
         Total |   2390 |   2286 |    104 |    321 |   1675 |   4 |  597.5 |
       Dungeon |   2390 |   2286 |    104 |    321 |   1675 |   4 |  597.5 |
               +--------+--------+--------+--------+--------+-----+--------+

Top non-repeatable levels by time:
     D:1: 1226 daAuts
     D:2: 626 daAuts
     D:3: 308 daAuts
     D:4: 229 daAuts
